 Dungeon Crawl Stone Soup version 0.27.1-1-g398f81649c (webtiles) character file.

Game seed: 14350460531411823155

37 scisormetimb3rs the Chiller (level 3, -7/26 HPs)
             Began as a Ghoul Ice Elementalist on Sept 20, 2021.
             Mangled by a gnoll (8 damage)
             ... on level 1 of the Dungeon.
             The game lasted 00:03:07 (1913 turns).

scisormetimb3rs the Chiller (GhIE)                  Turns: 1913, Time: 00:03:09

Health: -7/26      AC:  3    Str: 11    XL:     3   Next: 39%
Magic:  1/5        EV: 11    Int: 11    God:
Gold:   53         SH:  0    Dex:  9    Spells: 2/6 levels left

rFire    . . .     SeeInvis .     - Unarmed
rCold    + . .     Faith    .   (no shield)
rNeg     + + +     Spirit   .   b - +0 leather armour
rPois    ∞         Reflect  .   (no helmet)
rElec    .         Harm     .   (no cloak)
rCorr    .         Rampage  .   (no gloves)
Will     .....                  (no boots)
Stlth    ++........             (no amulet)
HPRegen  0.00/turn              (no ring)
MPRegen  0.09/turn              (no ring)

@: very slightly contaminated, inhibited regen
A: claws 1, cold resistance 1, negative energy resistance 3, inhibited
regeneration, torment resistance 2
a: no special abilities


You were on level 1 of the Dungeon.
You visited 1 branch of the dungeon, and saw 2 of its levels.

You collected 53 gold pieces.

Inventory:

Armour
 a - a +0 robe
 b - a +0 leather armour (worn)
Scrolls
 c - a scroll of amnesia {unknown}
 e - a scroll of acquirement {unknown}
 f - a scroll of fog {unknown}
 g - a scroll of magic mapping {unknown}
 h - 2 scrolls of identify {unknown}
Potions
 d - a potion of lignification {unknown}
 i - a potion of mutation {unknown}


   Skills:
 + Level 1.9 Dodging
 + Level 2.5 Stealth
 * Level 1.3 Unarmed Combat
 + Level 2.1 Spellcasting
 + Level 4.8 Ice Magic


You had 2 spell levels left.
You knew the following spells:

 Your Spells              Type           Power      Damage    Failure   Level
a - Freeze                Ice            44%        1d6       4%          1
b - Frozen Ramparts       Ice            22%        1d4       16%         3

Your spell library contained the following spells:

 Spells                   Type           Power      Damage    Failure   Level
 Ozocubu's Armour         Ice            11%        N/A       16%         3
 Hailstorm                Conj/Ice       6%         3d4       80%         4
 Malign Gateway           Summ/Tloc      0%         N/A       100%        7
 Summon Horrible Things   Summ           0%         N/A       100%        8


Dungeon Overview and Level Annotations

Branches:
Dungeon (2/15)

Altars:

Shops:
D:1 (


Innate Abilities, Weirdness & Mutations

You thrive by killing the living.
You are immune to poison.
You have sharp fingernails.
Your flesh is cold resistant. (rC+)
You are immune to negative energy. (rN+++)
You do not regenerate when monsters are visible.
You are immune to unholy pain and torment.


Message History

There is a stone staircase leading up here.
The gnoll shouts! x3
There is a stone staircase leading up here.
The gnoll closely misses you.
You climb upwards.
There is a stone staircase leading down here.
Casting: Freeze (safe; 4% risk of failure)
Confirm with . or Enter, or press ? or * to list all spells.
Aiming: Freeze (safe; 4% risk of failure)
Press: ? - help, Shift-Dir - straight line, f - gnoll
Aim: a gnoll, wielding a +3 flail You freeze the gnoll.
The gnoll is moderately wounded.
The gnoll hits you with a +3 flail!
Casting: Freeze (safe; 4% risk of failure)
Confirm with . or Enter, or press ? or * to list all spells.
Aiming: Freeze (safe; 4% risk of failure)
Press: ? - help, Shift-Dir - straight line, f/p - gnoll
Aim: a gnoll, wielding a +3 flail (moderately wounded)
You freeze the gnoll.
The gnoll is heavily wounded.
The gnoll hits you with a +3 flail!
Casting: Freeze (safe; 4% risk of failure)
Confirm with . or Enter, or press ? or * to list all spells.
Aiming: Freeze (safe; 4% risk of failure)
Press: ? - help, Shift-Dir - straight line, f/p - gnoll
Aim: a gnoll, wielding a +3 flail (heavily wounded)
You freeze the gnoll.
The gnoll is almost dead.
The gnoll hits you with a +3 flail!
* * * LOW HITPOINT WARNING * * *
Casting: Freeze (safe; 4% risk of failure)
Confirm with . or Enter, or press ? or * to list all spells.
Aiming: Freeze (safe; 4% risk of failure)
Press: ? - help, Shift-Dir - straight line, f/p - gnoll
Aim: a gnoll, wielding a +3 flail (almost dead)
You miscast Freeze.
You are very lightly contaminated with residual magic.
Nothing appears to happen.
The gnoll hits you with a +3 flail!
You die...

### ####### #
#####.#######...@.# ##
.....#........###g######
###. #...###.#####.#
#....[.## #... #..##
##......###.......### #.#.
#...###.#####.....#.......#
#.## ...#.#.###
##.#.##.#####.# #.##
##....∩..#####.#.##.#
#.####.#
##.#####............#
#......# ##.#
#.##.#.##.##.# #.######


You could see a gnoll.

Vanquished Creatures
  A gnoll (D:1)
  A dart slug (D:1)
  3 bats (D:1)
  3 endoplasms
  A giant cockroach (D:2)
  2 goblins (D:2)
  A hobgoblin (D:1)
  4 kobolds (D:1)
  3 ball pythons
  4 frilled lizards
  A rat (D:2)
24 creatures vanquished.

Notes
Turn   | Place    | Note
-------+----------+-------------------------------------------
     0 | D:1      | scisormetimb3rs the Ghoul Ice Elementalist began the quest
                  | for the Orb.
     0 | D:1      | Reached XP level 1. HP: 14/14 MP: 2/2
   366 | D:1      | Reached XP level 2. HP: 12/20 MP: 0/3
   894 | D:1      | Found a faded altar of an unknown god.
  1028 | D:1      | Found Tieleuph's Weapon Boutique.
  1183 | D:2      | Reached skill level 1 in Unarmed Combat
  1363 | D:2      | Reached XP level 3. HP: 24/26 MP: 0/5
  1812 | D:2      | Learned a level 3 spell: Frozen Ramparts
  1912 | D:1      | HP: 1/26 [gnoll (8)]
  1913 | D:1      | Mangled by a gnoll

Illustrated notes

Levels and vault maps discovered:
D:1:      lightli_arrival_statue_moat, layout_loops_ring, serial_shops, shop,
          hellmonk_ecumenical_altar_heavens_door
D:2:      layout_basic, uniq_terence

Skill      XL: |  1  2 |
---------------+-------+-----
Unarmed Combat | 1 |  1.3
Spellcasting   | 2 |  2.1
Dodging        | |  1.9
Stealth        | |  2.5
Ice Magic      | |  4.8

Action                   || total
-------------------------++-------
Melee: Unarmed           ||    49
 Cast: Freeze            ||    28
 Stab: Sleeping          ||     4
Armor: Robe              ||     5
       Leather armour    ||     5
Dodge: Dodged            ||    47
